 Dungeon Sprint DCSS version 0.15-a0-1968-gb423ccb (webtiles) character file.

1596 BluebellGnoll the Eclecticist (level 8, 0/41 HPs)
             Began as a Deep Elf Ice Elementalist on July 10, 2014.
             Was the Champion of Sif Muna.
             Shot with an arrow by a centaur warrior (14 damage)
             ... in the Dungeon (Sprint IX: "|||||||||||||||||||||||||||||").
             The game lasted 00:08:37 (771 turns).

BluebellGnoll the Eclecticist (DEIE)                 Turns: 771, Time: 00:08:38

HP   0/41        AC  4     Str  8      XL: 8   Next: 62%
MP  20/33        EV 13     Int 26      God: Sif Muna [******]
Gold 0           SH  0     Dex 15      Spells:  9 memorised,  4 levels left

rFire  . . .     SeeInvis .     o - +4 quarterstaff (speed)
rCold  . . .     Clarity  .     a - +0 robe
rNeg   . . .     rCorr    .     (no shield)
rPois  .         rRot     .     p - +0 helmet
rElec  .         Spirit   .     (no cloak)
SustAb .         Warding  .     (no gloves)
rMut   .         NoTele   +     q - +0 pair of boots
Gourm  .                        (no amulet)
MR     .....                    s - +3 ring of strength
                                r - +3 ring of intelligence

@: not resistant to hostile enchantments, unstealthy
A: no striking features
a: Channel Energy, Forget Spell, Renounce Religion


You were in the Dungeon.
You worshipped Sif Muna.
Sif Muna was exalted by your worship.
You were hungry.

You visited 1 branch

Inventory:

Hand weapons
 j - a +0 club
 n - a +2 cutlass of draining
 o - a +4 quarterstaff of speed (weapon)
Armour
 a - a +0 robe (worn)
 p - a +0 helmet (worn)
 q - a +0 pair of boots (worn)
Magical devices
 m - a wand of fire (3)
Comestibles
 c - a bread ration
Scrolls
 i - 2 scrolls of blinking
 k - 3 scrolls of remove curse
 l - 2 scrolls of amnesia
Jewellery
 r - a +3 ring of intelligence (left hand)
 s - a +3 ring of strength (right hand)
Potions
 d - 5 potions of curing
 e - 2 potions of heal wounds
 f - a potion of invisibility
 g - 4 potions of magic
 h - a potion of berserk rage
Books
 b - a book of Frost

   Spells                             Type                      Level
   *Freeze                            Ice                          1
   *Throw Frost                       Conjuration/Ice              2
   *Ozocubu's Armour                  Charms/Ice                   3
   *Throw Icicle                      Conjuration/Ice              4
   *Summon Ice Beast                  Ice/Summoning                4
   *Condensation Shield               Ice                          4
 t - Sif Muna's Incunabulum of the Frostbite and Attacks
   (Sif Muna gifted it to you in the Dungeon)

   Spells                             Type                      Level
   *Freeze                            Ice                          1
   *Ozocubu's Armour                  Charms/Ice                   3
   Ice Form                           Ice/Transmutation            4
   *Bolt of Cold                      Conjuration/Ice              6
   *Freezing Cloud                    Conjuration/Ice/Air          6
 u - a book of Ice

   Spells                             Type                      Level
   *Metabolic Englaciation            Hexes/Ice                    5
   Ozocubu's Refrigeration            Ice                          6
   *Bolt of Cold                      Conjuration/Ice              6
   *Freezing Cloud                    Conjuration/Ice/Air          6
   Simulacrum                         Ice/Necromancy               6


   Skills:
 * Level 2.4 Dodging
 - Level 2.4 Stealth
 - Level 16.0 Spellcasting
 - Level 1.1 Conjurations
 + Level 15.2 Ice Magic


You had 4 spell levels left.
You knew the following spells:

 Your Spells              Type           Power        Failure   Level  Hunger
a - Freeze                Ice            ####         0%          1    None
b - Throw Frost           Conj/Ice       ######       1%          2    None
c - Ozocubu's Armour      Chrm/Ice       ######....   1%          3    None
d - Condensation Shield   Ice            #######...   1%          4    None
e - Throw Icicle          Conj/Ice       ######..     1%          4    None
f - Summon Ice Beast      Ice/Summ       ######..     1%          4    None
g - Metabolic Englaciati  Hex/Ice        ######....   3%          5    None
h - Bolt of Cold          Conj/Ice       ######....   14%         6    ####...
i - Freezing Cloud        Conj/Ice/Air   #####.....   50%         6    ####...


Dungeon Overview and Level Annotations

Branches:
Dungeon (1/1)

Altars:
Cheibriados
Dithmenos
Elyvilon
Fedhas
Gozag
Kikubaaqudgha
Makhleb
Nemelex Xobeh
Okawaru
Qazlal
Sif Muna
Trog
Vehumet
Xom
Yredelemnul
Zin
The Shining One
Beogh
Jiyva
Lugonu


Message History

Casting: Throw Icicle
Confirm with . or Enter, or press ? or * to list all spells.
Aiming: Throw Frost
Press: ? - help, Shift-Dir - straight line, f - centaur warrior
Aim: a centaur warrior, wielding a shortbow The puff of frost hits the centaur warrior.
The centaur warrior is moderately wounded.
The centaur warrior shoots an arrow.
The arrow closely misses you.
The centaur warrior shoots an arrow.
The arrow hits you but does no damage.
There is an ancient bone altar of Kikubaaqudgha here.
You see here an arrow.
Casting: Throw Frost
Confirm with . or Enter, or press ? or * to list all spells.
Aiming: Throw Icicle
Press: ? - help, Shift-Dir - straight line, f/p - centaur warrior
Aim: a centaur warrior, wielding a shortbow (moderately wounded)
The shard of ice hits the centaur warrior.
The centaur warrior is heavily wounded.
The centaur warrior shoots an arrow.
The arrow hits you!
You die...

▓_▓
▓_▓
▓c▓
▓_▓
▓_▓
▓_▓
▓_▓
▓_▓
▓@▓
▓_▓
▓_▓
▓'▓
▓.▓
▓.▓
▓.▓
▓.▓
▓%▓


You could see a centaur warrior.

Vanquished Creatures
  A hill giant (D)
  A manticore (D)
  A hippogriff (D)
  2 jellies (D)
  An iguana (D)
  An orc wizard (D)
  2 hounds (D)
  A shadow imp (D)
  2 orcs (D)
  3 bats (D)
  A bat skeleton (D)
  A giant cockroach (D)
  A goblin (D)
  A quokka (D)
  A rat (D)
20 creatures vanquished.

Vanquished Creatures (collateral kills)
  A centaur warrior (D)
1 creature vanquished.

Vanquished Creatures (others)
  An ice beast (D)
1 creature vanquished.

Grand Total: 22 creatures vanquished

Notes
Turn   | Place    | Note
--------------------------------------------------------------
     0 | D        | BluebellGnoll, the Deep Elf Ice Elementalist, began the quest for the Orb.
     0 | D        | Reached XP level 1. HP: 10/10 MP: 5/5
    24 | D        | Reached skill level 4 in Spellcasting
    32 | D        | Reached skill level 5 in Spellcasting
   185 | D        | Noticed an iguana
   185 | D        | Noticed an orc wizard
   185 | D        | Noticed a hound
   187 | D        | Killed a hound
   187 | D        | Reached skill level 7 in Spellcasting
   187 | D        | Reached XP level 2. HP: 7/15 MP: 8/14
   187 | D        | Reached XP level 3. HP: 8/19 MP: 9/17
   190 | D        | Killed an orc wizard
   190 | D        | Reached skill level 8 in Spellcasting
   190 | D        | Reached skill level 5 in Ice Magic
   388 | D        | Learned a level 2 spell: Throw Frost
   392 | D        | Learned a level 3 spell: Ozocubu's Armour
   397 | D        | Killed an iguana
   397 | D        | Reached XP level 4. HP: 24/24 MP: 9/21
   404 | D        | Learned a level 4 spell: Condensation Shield
   409 | D        | Learned a level 4 spell: Throw Icicle
   414 | D        | Learned a level 4 spell: Summon Ice Beast
   462 | D        | Found a glowing silver altar of Zin.
   462 | D        | Found a glowing golden altar of the Shining One.
   462 | D        | Found an ancient bone altar of Kikubaaqudgha.
   462 | D        | Found a basalt altar of Yredelemnul.
   462 | D        | Found a shimmering altar of Xom.
   462 | D        | Found a radiant altar of Vehumet.
   462 | D        | Found an iron altar of Okawaru.
   463 | D        | Found a burning altar of Makhleb.
   464 | D        | Found a deep blue altar of Sif Muna.
   465 | D        | Found a bloodstained altar of Trog.
   466 | D        | Found a sparkling altar of Nemelex Xobeh.
   467 | D        | Found a white marble altar of Elyvilon.
   468 | D        | Found a roughly hewn altar of Beogh.
   469 | D        | Found a viscous altar of Jiyva.
   470 | D        | Found a corrupted altar of Lugonu.
   471 | D        | Found a blossoming altar of Fedhas.
   472 | D        | Found a snail-covered altar of Cheibriados.
   473 | D        | Became a worshipper of Sif Muna the Loreminder
   474 | D        | Found a shadowy altar of Dithmenos.
   475 | D        | Found a stormy altar of Qazlal.
   476 | D        | Found an opulent altar of Gozag.
   515 | D        | Noticed a hippogriff
   515 | D        | Noticed a hound
   564 | D        | Killed a hound
   564 | D        | Acquired Sif Muna's first power
   572 | D        | Killed a hippogriff
   572 | D        | Acquired Sif Muna's second power
   572 | D        | Reached skill level 11 in Ice Magic
   572 | D        | Reached XP level 5. HP: 18/28 MP: 6/23
   685 | D        | Noticed a manticore
   685 | D        | Noticed a centaur warrior
   685 | D        | Noticed a manticore
   685 | D        | Noticed a hill giant
   685 | D        | Noticed a jelly
   685 | D        | Noticed a centaur warrior
   696 | D        | Killed a centaur warrior
   696 | D        | Acquired Sif Muna's third power
   696 | D        | Reached skill level 12 in Spellcasting
   696 | D        | Reached skill level 13 in Ice Magic
   696 | D        | Reached XP level 6. HP: 19/32 MP: 5/28
   696 | D        | Reached XP level 7. HP: 21/36 MP: 5/29
   740 | D        | Killed a jelly
   740 | D        | Killed a jelly
   740 | D        | Received a gift from Sif Muna
   742 | D        | Killed a manticore
   742 | D        | Reached skill level 14 in Spellcasting
   742 | D        | Reached XP level 8. HP: 33/41 MP: 21/32
   743 | D        | Killed a hill giant
   743 | D        | Received a gift from Sif Muna
   743 | D        | Reached skill level 16 in Spellcasting
   743 | D        | Reached skill level 15 in Ice Magic
   744 | D        | Identified Sif Muna's Incunabulum of the Frostbite and Attacks (Sif Muna gifted it to you in the Dungeon)
   751 | D        | Learned a level 5 spell: Metabolic Englaciation
   758 | D        | Learned a level 6 spell: Bolt of Cold
   765 | D        | Learned a level 6 spell: Freezing Cloud
   771 | D        | Shot with an arrow by a centaur warrior

Action                   |  1- 3 |  4- 6 |  7- 9 || total
-------------------------+-------+-------+-------++-------
Melee: Unarmed           |    24 |       |       ||    24
       Quarterstaff      |       |     6 |       ||     6
 Cast: Freeze            |    11 |    16 |     3 ||    30
       Throw Frost       |     3 |       |     1 ||     4
       Ozocubu's Armour  |     1 |     2 |       ||     3
       Throw Icicle      |       |     3 |     2 ||     5
       Condensation Shie |       |     2 |       ||     2
       Summon Ice Beast  |       |     1 |       ||     1
Invok: Channel Energy    |       |       |     7 ||     7
Evoke: Wand              |       |       |     4 ||     4
  Use: Potion            |     1 |       |     1 ||     2
